 Dungeon Sprint DCSS version 0.28-a0-239-g68911e0c57 (webtiles) character file.

Game seed: 1336965703343274968

217 jt the Covert (level 5, 0/56 HPs)
             Began as a Naga Brigand on Aug 23, 2021.
             Was an Initiate of Jiyva.
             Slain by a killer bee (7 damage)
             ... in the Dungeon (Sprint IV: "Fedhas' Mad Dash").
             The game lasted 00:01:48 (268 turns).

jt the Covert (Naga Brigand)                         Turns: 268, Time: 00:01:49

Health: 0/56       AC:  3    Str: 14    XL:     5   Next: 94%
Magic:  5/5        EV:  9    Int: 11    God:    Jiyva [......]
Gold:   81         SH:  0    Dex: 13    Spells: 4/4 levels left

rFire   . . .      SeeInvis +   a - +2 dagger
rCold   . . .      Faith    .   (no shield)
rNeg    . . .      Spirit   .   b - +0 robe
rPois   +          Reflect  .   (no helmet)
rElec   .          Harm     .   c - +0 cloak
rCorr   .          Rampage  .   (no gloves)
Will    .....      NoTele   +   (no barding)
Stlth   +++++.....              l - amulet of invisibility {+Inv}
HPRegen 0.18/turn               (no ring)
MPRegen 0.09/turn               (no ring)

@: short of breath, very slightly contaminated, hasted, quick
A: AC +1, large, see invisible, deformed body, poison resistance, slowness 2,
spit poison 1, naga tail 1
a: Spit Poison, Renounce Religion, Evoke Invisibility


You were in the Dungeon.
You worshipped Jiyva.
Jiyva was noncommittal.
You visited 1 branch You collected 81 gold pieces.

Inventory:

Hand Weapons
 a - a +2 dagger (weapon)
Missiles
 d - 7 poisoned darts (quivered)
Armour
 b - a +0 robe (worn)
 c - a +0 cloak (worn)
Jewellery
 l - the amulet of invisibility (around neck) {+Inv}
   (You found it in the Dungeon)

   [amulet of nothing]

   +Inv:      It lets you turn invisible.
Scrolls
 j - a scroll of identify {unknown}
 k - a scroll of blinking
Potions
 i - 2 potions of magic


   Skills:
 + Level 6.6 Fighting
 + Level 6.5 Short Blades
 - Level 1.7 Throwing
 - Level 0.7 Dodging
 + Level 12.7 Stealth


You had 4 spell levels left.
You didn't know any spells.
Your spell library contained the following spells:

 Spells                   Type           Power      Damage    Failure   Level
 Corpse Rot               Necr/Air       N/A        N/A       47%         2
 Dispel Undead            Necr           0%         3d6       98%         4
 Death Channel            Necr           0%         N/A       100%        6


Dungeon Overview and Level Annotations

Branches:
Dungeon (1/1)

Altars:
Cheibriados
Dithmenos
Elyvilon
Gozag
Hepliaklqana
Kikubaaqudgha
Makhleb
Nemelex Xobeh
Okawaru
Qazlal
Ru
Sif Muna
Trog
Uskayaw
Vehumet
Wu Jian
Xom
Yredelemnul
Zin
The Shining One
Beogh
Jiyva
Lugonu


Innate Abilities, Weirdness & Mutations

Your serpentine skin is tough. (AC +1)
You have supernaturally acute eyesight. (SInv)
Armour fits poorly on your strangely shaped body.
Your system is resistant to poisons. (rPois)
You cover ground very slowly.
You can spit poison.
You have a snake-like lower body.


Message History

The killer bee is poisoned.
The killer bee convulses.
The killer bee seems to slow down.
The killer bee is lightly wounded.
You have got your breath back.
You feel sick. The killer bee barely misses you.
The queen bee calls on the killer bee to defend it!
The killer bee shakes off its lethargy.
The killer bee goes berserk!
Press: ? - help, v - describe, . - travel, g - get item
Here: a killer bee (moderately wounded, berserk, very poisoned) Item here: a curare-tipped dart.
The floor.
You feel better. The killer bee stings you! The killer bee barely misses you.
Press: ? - help, v - describe, . - travel, g - get item
Here: a queen bee (moderately wounded, very poisoned, slow) Item here: a curare-tipped dart.
The floor.
Okay, then.
Unknown command.
Press: ? - help, Shift-Dir - straight line, f/p - killer bee
Aim: a killer bee The splash of poison hits the queen bee but does no damage.
The queen bee looks even sicker.
The queen bee is moderately wounded.
The killer bee stings you.
* * * LOW HITPOINT WARNING * * *
The killer bee barely misses you.
Press: ? - help, v - describe, . - travel, g - get item
Here: a killer bee (heavily wounded, berserk, very poisoned) Item here: a curare-tipped dart.
The floor.
You can't do that yet.
Throw: 8 darts (poison)
Press: ? - help, Shift-Dir - straight line, f/p - killer bee
Aim: a killer bee (31% to hit)
You throw a poisoned dart.
The poisoned dart closely misses the killer bee.
The killer bee barely misses you. The queen bee stings you!
* * * LOW HITPOINT WARNING * * *
The killer bee stings you!
You die...

########################
#<..P#.....#.....#.⌠._._
#PP..'.†...'.#...'.._._.
#PPPP#.....#.#...#..._._
###############'##.._._.
#...♣....(.J.'...#._._._
#....yy♣y....#J..#######
#.....♣@y♣..######
##+####'##### $$+ "###
##


You could see a queen bee (very poisoned, slow), 3 killer bees and a neutral
jelly (wandering) (fellow slime).

Vanquished Creatures
  A scorpion (D)
  A killer bee (D)
  3 oklob saplings (D)
  A river rat (D)
  A rat (D)
7 creatures vanquished.

Notes
Turn   | Place    | Note
-------+----------+-------------------------------------------
     0 | D        | jt the Naga Brigand began the quest for the Orb.
     0 | D        | Reached XP level 1. HP: 19/19 MP: 1/1
    17 | D        | Reached skill level 8 in Stealth
    17 | D        | Reached XP level 2. HP: 19/26 MP: 2/2
   176 | D        | Noticed an oklob sapling
   177 | D        | Killed an oklob sapling
   178 | D        | Reached skill level 9 in Stealth
   178 | D        | Reached XP level 3. HP: 34/34 MP: 3/3
   179 | D        | Noticed a scorpion
   179 | D        | Found the amulet of invisibility {+Inv}
   181 | D        | Killed a scorpion
   182 | D        | Reached skill level 11 in Stealth
   182 | D        | Reached XP level 4. HP: 45/45 MP: 4/4
   212 | D        | Found an opulent altar of Gozag.
   212 | D        | Found a hazy altar of Hepliaklqana.
   212 | D        | Found a snail-covered altar of Cheibriados.
   213 | D        | Found a viscous altar of Jiyva.
   213 | D        | Found a burning altar of Makhleb.
   213 | D        | Found a sparkling altar of Nemelex Xobeh.
   213 | D        | Found a sacrificial altar of Ru.
   213 | D        | Found a shimmering blue altar of Sif Muna.
   213 | D        | Found a bloodstained altar of Trog.
   213 | D        | Found an ornate altar of the Wu Jian Council.
   213 | D        | Found a shimmering altar of Xom.
   213 | D        | Found a basalt altar of Yredelemnul.
   213 | D        | Noticed an oklob sapling priest
   214 | D        | Found an iron altar of Okawaru.
   214 | D        | Found a shadowy altar of Dithmenos.
   214 | D        | Found a glowing silver altar of Zin.
   215 | D        | Found an ancient bone altar of Kikubaaqudgha.
   215 | D        | Found a hide-covered altar of Uskayaw.
   216 | D        | Found a stormy altar of Qazlal.
   216 | D        | Found a white marble altar of Elyvilon.
   216 | D        | Found a glowing golden altar of the Shining One.
   217 | D        | Found a corrupted altar of Lugonu.
   217 | D        | Found a radiant altar of Vehumet.
   220 | D        | Killed an oklob sapling priest
   221 | D        | Reached skill level 5 in Fighting
   221 | D        | Reached skill level 5 in Short Blades
   221 | D        | Reached XP level 5. HP: 54/54 MP: 3/5
   222 | D        | Became a worshipper of Jiyva Jolium the Shapeless
   235 | D        | Reached skill level 12 in Stealth
   252 | D        | Noticed a queen bee
   268 | D        | Slain by a killer bee

Illustrated notes

Levels and vault maps discovered:
D:        dungeon_sprint_fedhas [sprint_temple]

Skill      XL: |  1  2  3  4  5 |
---------------+----------------+-----
Stealth        | 8 9 11 12 | 12.7
Fighting       | 3 4 5 6 |  6.6
Short Blades   | 3 4 5 6 |  6.5
Throwing       | |  1.7
Dodging        | |  0.7

Action                   |  1- 3 |  4- 6 || total
-------------------------+-------+-------++-------
Melee: Dagger            |    11 |     6 ||    17
Throw: Dart              |       |     3 ||     3
 Abil: Evoke Invisibilit |       |     2 ||     2
       Spit Poison       |       |     2 ||     2
  Use: Potion            |     1 |     3 ||     4
 Stab: Sleeping          |     2 |     2 ||     4
Armor: Robe              |     1 |     2 ||     3
Dodge: Dodged            |    12 |    10 ||    22

Table legend: (Time is in decaauts)
 A = Elapsed time spent in this place.
 B = Non-inter-level travel time spent in this place.
 C = Inter-level travel time spent in this place.
 D = Time resting spent in this place.
 E = Time spent auto-exploring this place.
 F = Levels seen in this place.
 G = Mean time per level.
                   A        B        C        D        E       F      G
               +--------+--------+--------+--------+--------+-----+--------+
         Total |    291 |    291 |      0 |    160 |      0 |   1 |  291.0 |
       Dungeon |    291 |    291 |      0 |    160 |      0 |   1 |  291.0 |
               +--------+--------+--------+--------+--------+-----+--------+

Top non-repeatable levels by time:
       D: 291 daAuts
